 Dungeon Crawl Stone Soup version 0.17-a0-1920-gafa4d75 (webtiles) character file.

1166 4thArraOfDagon the Cleaver (level 8, -3/74 HPs)
             Began as a Deep Dwarf Berserker on Sept 27, 2015.
             Was a Follower of Trog.
             Shot with a poisoned arrow by a centaur (13 damage)
             ... on level 8 of the Dungeon.
             The game lasted 00:03:36 (628 turns).

4thArraOfDagon the Cleaver (Deep Dwarf Berserker)    Turns: 628, Time: 00:03:36

Health: -3/74      AC:  7    Str: 22    XL:     8   Next: 17%
Magic:  9/9        EV: 11    Int: 12    God:    Trog [*.....]
Gold:   50         SH:  0    Dex: 12    Spells: 0 memorised, 7 levels left

rFire  . . .     SeeInvis .     a - +0 hand axe
rCold  + . .     Clarity  .     h - +0 ring mail
rNeg   . . .     SustAt   +     (no shield)
rPois  .         Gourm    .     (no helmet)
rElec  .         Spirit   .     (no cloak)
rCorr  .         Warding  .     o - +0 pair of gloves
rMut   .         Stasis   .     (no boots)
MR     +....                    k - amulet of Duanewn {+Rage rC+ Int+3}
Stlth  +.........               (no ring)
                                l - ring of sustain attributes

@: lethally poisoned (-3 -> -3), exhausted, non-regenerating, slowed, very slow,
somewhat resistant to hostile enchantments, very unstealthy
A: damage resistance, recharge devices, sense surroundings 1, slow healing 3
a: Device Recharging, Burn Spellbooks, Berserk, Renounce Religion, Evoke Berserk
Rage


You were on level 8 of the Dungeon.
You worshipped Trog.
Trog was aware of your devotion.
You were not hungry.

You visited 1 branch of the dungeon, and saw 9 of its levels.

You collected 50 gold pieces.

Inventory:

Hand weapons
 a - a +0 hand axe (weapon)
Armour
 h - a +0 ring mail (worn)
 o - a +0 pair of gloves (worn)
Rods
 j - a +0 rod of shadows (13/13)
   (You found it on level 9 of the Dungeon)
Jewellery
 k - the amulet of Duanewn (around neck) {+Rage rC+ Int+3}
   (You found it on level 8 of the Dungeon)

   [amulet of rage]

   It affects your intelligence (+3).
   It protects you from cold.
   It lets you go berserk.
 l - a ring of sustain attributes (left hand)
Magical devices
 c - a wand of heal wounds (1)
 m - a wand of heal wounds (2)
Scrolls
 b - a scroll of immolation {unknown}
 e - a scroll of identify {unknown}
 q - a scroll of remove curse
Potions
 g - 2 potions of magic {unknown}
 i - a potion of heal wounds {unknown}
 n - a potion of mutation {unknown}
Comestibles
 d - 3 bread rations
 f - 2 meat rations
 p - a chunk of flesh


   Skills:
 + Level 5.1 Fighting
 * Level 8.2 Axes
 + Level 5.5 Armour
 - Level 2.1 Dodging
 + Level 1.5 Evocations


You had 7 spell levels left.
You didn't know any spells.

Dungeon Overview and Level Annotations

Branches:
Dungeon (9/15)
 Temple: D:4-7         Lair: D:8-11         Orc: D:9-12

Altars:
Elyvilon
Kikubaaqudgha
Ru
Vehumet
Xom
The Shining One


Innate Abilities, Weirdness & Mutations

You are resistant to damage.
You can recharge devices by infusing magical energy.
You passively map a small area around you.
You do not heal naturally.


Message History

The centaur wields a shortbow.
The centaur shoots a poisoned arrow.
The poisoned arrow hits you.
* * * LOW HITPOINT WARNING * * *
The centaur shoots a poisoned arrow.
The poisoned arrow hits you.
* * * LOW HITPOINT WARNING * * *
You are poisoned.
Found a pair of gloves.
A giant frog comes into view.
You see here a poisoned arrow.
Unknown command.
The centaur shoots a poisoned arrow.
The poisoned arrow hits you!
* * * LOW HITPOINT WARNING * * *
You are more poisoned.
You see here a poisoned arrow.
Unknown command.
Unknown command.
Unknown command.
You feel sick.
The centaur shoots a poisoned arrow.
The poisoned arrow hits you!
You die...

* * , *
......#.# ,.. ,
..F...#.#####..
,
..[...........#
**
F...........# ,
.c.........# *
*#.........#
***
###.........#
#..@((......##
,
#..(.......>.+
,,
#........#####
, , #........#
* , ,
#........#
#........#
#........# *, ,
#........# *
#........# , ,


You could see a centaur.

Vanquished Creatures
  The ghost of kosy22 the Nimble, an experienced MiFi of Elyvilon (D:8)
  A hippogriff (D:8)
  2 ice beasts
  2 ogres
  A giant frog (D:8)
  A jelly (D:8)
  An iguana (D:6)
  An adder (D:8)
  A kobold (D:3)
  2 quokkas
  A quokka zombie (D:8)
14 creatures vanquished.

Notes
Turn   | Place    | Note
--------------------------------------------------------------
     0 | D:1      | 4thArraOfDagon the Deep Dwarf Berserker began the quest for the Orb.
     0 | D:1      | Reached XP level 1. HP: 20/20 MP: 1/1
    17 | D:2      | Found a radiant altar of Vehumet.
    77 | D:4      | Found an ancient bone altar of Kikubaaqudgha.
    82 | D:4      | Found a shimmering altar of Xom.
    83 | D:4      | Found a white marble altar of Elyvilon.
    86 | D:4      | Found a sacrificial altar of Ru.
    87 | D:4      | Found a glowing golden altar of the Shining One.
   147 | D:5      | Entered Level 5 of the Dungeon
   207 | D:6      | Noticed an iguana
   232 | D:6      | Killed an iguana
   232 | D:6      | Reached skill level 4 in Axes
   232 | D:6      | Reached XP level 2. HP: 10/28 MP: 2/2
   232 | D:6      | Reached XP level 3. HP: 12/34 MP: 3/3
   316 | D:8      | Noticed kosy22's ghost (experienced MiFi)
   358 | D:8      | Killed kosy22's ghost
   358 | D:8      | Reached skill level 6 in Axes
   358 | D:8      | Reached XP level 4. HP: 15/45 MP: 4/4
   358 | D:8      | Reached XP level 5. HP: 17/51 MP: 5/5
   358 | D:8      | Reached XP level 6. HP: 19/58 MP: 6/6
   358 | D:8      | Reached XP level 7. HP: 21/66 MP: 7/7
   387 | D:8      | Noticed an ogre
   399 | D:8      | Killed an ogre
   399 | D:8      | Reached skill level 7 in Axes
   436 | D:8      | Noticed a hippogriff
   441 | D:8      | Noticed a giant frog
   450 | D:8      | Killed a hippogriff
   450 | D:8      | Reached skill level 5 in Armour
   450 | D:8      | Killed a giant frog
   458 | D:8      | Got a crude amethyst amulet
   463 | D:8      | Identified the amulet of Duanewn {+Rage rC+ Int+3} (You found it on level 8 of the Dungeon)
   519 | D:9      | Reached skill level 5 in Fighting
   519 | D:9      | Reached XP level 8. HP: 59/74 MP: 8/8
   522 | D:9      | Reached skill level 8 in Axes
   522 | D:9      | Reached skill level 1 in Evocations
   532 | D:9      | Identified a +0 rod of shadows (13/13) (You found it on level 9 of the Dungeon)
   603 | D:8      | Noticed an ice beast
   608 | D:8      | Killed an ice beast
   626 | D:8      | Noticed a centaur
   627 | D:8      | Noticed a giant frog
   628 | D:8      | Shot with a poisoned arrow by a centaur

Vault maps used:
D:1:      elethiomel_arrival_shortcut, minmay_hedge_maze
D:2:      vehumet_crystals, first_bread
D:3:      lemuel_upstairs_altar
D:4:      minitemple, gammafunk_temple_overflow_pools, temple_green
D:5:      lemuel_ice_spiral_2, led_sif_book, enter_ossuary_2, serial_shops,
          nicolae_shop_statue_plus
D:6:      nicolae_ashenzari_panopticon, serial_shops, shop
D:7:      lightli_temple_of_fire, basic_altar
D:9:      uniq_prince_ribbit1

Action                   |  1- 3 |  4- 6 |  7- 9 || total
-------------------------+-------+-------+-------++-------
Melee: Hand axe          |    38 |       |    30 ||    68
Invok: Berserk           |     2 |       |     4 ||     6
       Burn Spellbooks   |     1 |       |       ||     1
Evoke: Wand              |     1 |       |     3 ||     4
  Use: Potion            |     3 |       |       ||     3
       Scroll            |     2 |       |       ||     2
 Stab: Invisible         |     1 |       |       ||     1
  Eat: Royal jelly       |       |       |     1 ||     1
       Chunk             |       |       |     1 ||     1
       Bread ration      |       |       |     1 ||     1
